 Dungeon Crawl Stone Soup version 0.20.0-15-g7f486f2 (webtiles) character file.

3952 vatarom the Fighter (level 10, -5/110 HPs)
             Began as an Ogre Berserker on June 19, 2017.
             Was an Elder of Trog.
             Slain by a wyvern (14 damage)
             ... on level 8 of the Dungeon.
             The game lasted 00:12:54 (6419 turns).

vatarom the Fighter (Ogre Berserker)                Turns: 6419, Time: 00:12:54

Health: -5/110     AC:  3    Str: 23    XL:     10   Next: 21%
Magic:  11/11      EV: 13    Int:  8    God:    Trog [****..]
Gold:   423        SH:  0    Dex: 11    Spells: 9/9 levels left

rFire    . . .     SeeInvis .   w - +0 giant spiked club
rCold    . . .     Gourm    .   (shield currently unavailable)
rNeg     + . .     Faith    .   b - +1 animal skin
rPois    .         Spirit   .   (helmet restricted)
rElec    .         Reflect  .   l - scarf {cloud immunity}
rCorr    .         Harm     .   (gloves unavailable)
MR       +....                  (boots unavailable)
Stlth    ++........             (no amulet)
Regen    0.3/turn               g - ring of stealth
MPRegen  0.2/turn               t - ring of positive energy

@: no status effects
A: unfitting armour, deformed body, high mp 1, tough skin 1
a: Berserk, Trog's Hand, Brothers in Arms, Burn Spellbooks, Renounce Religion


You were on level 8 of the Dungeon.
You worshipped Trog.
Trog was greatly pleased with you.
You were not hungry.

You visited 1 branch of the dungeon, and saw 7 of its levels.
You also visited: Ossuary.

You collected 423 gold pieces.

Inventory:

Hand Weapons
 w - a +0 giant spiked club (weapon)
Armour
 b - a +1 animal skin (worn)
 l - a scarf of cloud immunity (worn)
Jewellery
 g - a ring of stealth (left hand)
 t - a ring of positive energy (right hand)
Wands
 h - a wand of paralysis (2/24)
 o - a wand of polymorph (10/24)
Scrolls
 c - a scroll of teleportation
 d - 4 scrolls of remove curse
 j - a scroll of enchant armour
 m - 3 scrolls of identify
Potions
 a - a potion of resistance {unknown}
 e - 2 potions of cancellation
 f - a potion of brilliance
 i - a potion of berserk rage {unknown}
 k - 4 potions of lignification
 n - 2 potions of curing
 p - 2 potions of flight
Books
 r - a book of Maledictions

   Spells                             Type                      Level
   a - Corona                         Hexes                        1
   b - Ensorcelled Hibernation        Hexes/Ice                    2
   c - Confuse                        Hexes                        3
   d - Tukima's Dance                 Hexes                        3
   e - Dazzling Spray                 Conjuration/Hexes            3
   Trog disapproves of the use of such an item.
Comestibles
 q - 6 fruits
 s - a meat ration
 u - a bread ration
 v - 3 chunks of flesh


   Skills:
 - Level 9.9 Fighting
 - Level 9.0 Maces & Flails
 + Level 8.4 Dodging


You had 9 spell levels left.
You didn't know any spells.

Dungeon Overview and Level Annotations

Branches:
Dungeon (6/15)
 Temple: D:4-7

Altars:
Ashenzari
Hepliaklqana
Ru
Uskayaw
Xom
Zin


Innate Abilities, Weirdness & Mutations

You are too large for most types of armour.
You have tough skin. (AC +1)
Armour fits poorly on your strangely shaped body.
You have an increased reservoir of magic. (+10% MP)


Message History

You are too injured to fight recklessly!
You are too injured to fight recklessly!
What are your orders? t - Shout!
Orders for allies: a - Attack new target. r - Retreat! s - Stop attacking. g - Guard the area. f - Follow me.
Anything else - Cancel.
You shout for attention!
The wyvern hisses angrily.
You closely miss the wyvern. The wyvern misses you.
You impale the wyvern!!
The wyvern is almost dead.
The wyvern bites you! x2
* * * LOW HITPOINT WARNING * * *
You closely miss the wyvern.
The wyvern is almost dead.
The wyvern bites you!
* * * LOW HITPOINT WARNING * * *
The wyvern bites you!
You die...

#.###.## #.#
##......#
#.#
........#
#.##
........#
#..##
######..#
#..)# #..#
##.## #..#
#.# ##..#
#># #...#
#@# ##
#.#.......
#l# .#
##.########
#.#
.###...##
#.#
.##.....##
#.#
|...........
...
.##.....####
...
...........
.....
#####.#####
.....


You could see a wyvern.

Vanquished Creatures
  A two-headed ogre (D:8)
  The ghost of louis the Changer, a novice TrTm of Okawaru (D:6)
  The ghost of Terandir the Cleaver, a novice MiFi of Cheibriados (D:8)
  Pikel (D:4)
  Grinder (D:3)
  Sigmund (D:2)
  Menkaure (D:6)
  2 phantoms
  2 ogres
  4 elf zombies (Ossuary)
  4 centaur zombies
  2 jellies
  An orc priest (D:5)
  Crazy Yiuf (D:4)
  A hound (D:6)
  Jessica (D:3)
  An orc wizard (D:4)
  4 worker ants
  A big kobold zombie (Ossuary)
  3 hound zombies
  3 mummies (Ossuary)
  Robin (D:3)
  5 adders
  A shadow imp (D:8)
  2 oozes
  4 adder zombies (Ossuary)
  A worm (D:4)
  2 dart slugs
  9 orcs
  A ball python (D:4)
  7 bats
  6 giant cockroaches
  21 goblins
  5 hobgoblins
  10 jackals
  7 kobolds
  4 quokkas
  3 frilled lizards
  A gnoll zombie (Ossuary)
  2 goblin zombies (Ossuary)
  3 hobgoblin zombies (Ossuary)
  6 jackal zombies (Ossuary)
  2 kobold zombies (Ossuary)
  An orc zombie (Ossuary)
  3 quokka zombies (Ossuary)
  3 rats
  4 rat zombies (Ossuary)
151 creatures vanquished.

Vanquished Creatures (others)
  2 slaves (D:4)
  Natasha (thrice) (D:4)
  An adder (D:4)
  3 orcs (D:4)
  A hobgoblin (D:2)
10 creatures vanquished.

Grand Total: 161 creatures vanquished

Notes
Turn   | Place    | Note
-------+----------+-------------------------------------------
     0 | D:1      | vatarom the Ogre Berserker began the quest for the Orb.
     0 | D:1      | Reached XP level 1. HP: 24/24 MP: 1/1
    94 | D:1      | Reached XP level 2. HP: 20/32 MP: 2/2
   294 | D:1      | Reached XP level 3. HP: 29/39 MP: 3/3
   565 | D:1      | Reached ** piety under Trog
   894 | D:2      | Noticed Sigmund
   908 | D:2      | Killed Sigmund
   908 | D:2      | Reached skill level 5 in Dodging
   908 | D:2      | Reached XP level 4. HP: 40/48 MP: 4/4
   908 | D:2      | Reached XP level 5. HP: 45/54 MP: 5/5
  1742 | D:3      | Noticed Jessica
  1761 | D:3      | Killed Jessica
  1761 | D:3      | Reached XP level 6. HP: 57/62 MP: 6/6
  1812 | D:3      | Noticed Robin
  1817 | D:3      | Noticed Grinder
  2104 | D:3      | Killed Grinder
  2104 | D:3      | Reached skill level 5 in Maces & Flails
  2104 | D:3      | Reached XP level 7. HP: 70/70 MP: 7/7
  2109 | D:3      | Killed Robin
  2266 | D:3      | Gained mutation: Armour fits poorly on your strangely shaped body. [potion of mutation]
  2266 | D:3      | Gained mutation: You have an increased reservoir of magic. (+10% MP) [potion of mutation]
  2371 | D:3      | Reached *** piety under Trog
  2464 | D:4      | Noticed Pikel
  2497 | D:4      | Killed Pikel
  2497 | D:4      | Reached XP level 8. HP: 78/78 MP: 8/8
  2533 | D:4      | Killed Natasha
  2605 | D:4      | Noticed Natasha
  2660 | D:4      | Found a sand-covered staircase.
  2671 | Ossuary  | Entered an ossuary
  3192 | Ossuary  | Reached **** piety under Trog
  3897 | D:4      | Killed Natasha
  3955 | D:4      | Killed Natasha
  4030 | D:4      | Noticed Ijyb
  4038 | D:4      | Paralysed by Ijyb for 5 turns
  4046 | D:4      | Noticed Ijyb
  4046 | D:4      | Ijyb changed into Ijyb the ooze
  4050 | D:4      | Killed Ijyb the ooze
  4456 | D:4      | Found a runed door.
  4460 | D:4      | Noticed Crazy Yiuf
  4470 | D:4      | Killed Crazy Yiuf
  4597 | D:5      | Entered Level 5 of the Dungeon
  4652 | D:5      | Found a sacrificial altar of Ru.
  4737 | D:5      | Found a shattered altar of Ashenzari.
  4743 | D:5      | Reached skill level 5 in Fighting
  4846 | D:5      | Found a hide-covered altar of Uskayaw.
  4857 | D:5      | Reached XP level 9. HP: 19/89 MP: 9/9
  5672 | D:6      | Noticed Menkaure
  5682 | D:6      | Killed Menkaure
  5730 | D:6      | Noticed louis's ghost (novice TrTm)
  5748 | D:6      | Killed louis's ghost
  5935 | D:6      | Found a glowing silver altar of Zin.
  6159 | D:6      | Found a shimmering altar of Xom.
  6160 | D:6      | Found a hazy altar of Hepliaklqana.
  6161 | D:6      | Noticed a spectral ugly thing
  6168 | D:6      | You fall through a shaft for 2 floors!
  6286 | D:8      | Noticed Terandir's ghost (novice MiFi)
  6303 | D:8      | Killed Terandir's ghost
  6303 | D:8      | Reached XP level 10. HP: 110/110 MP: 11/11
  6357 | D:8      | Noticed a two-headed ogre
  6362 | D:8      | Killed a two-headed ogre
  6419 | D:8      | Slain by a wyvern

Skill      XL: |  1  2  3  4  5  6  7  8  9 10 |
---------------+-------------------------------+-----
Dodging        | 3 5 7 8 |  8.4
Maces & Flails | 3 5 7 9 |  9.0
Fighting       | 5 9 |  9.9

Action                   |  1- 3 |  4- 6 |  7- 9 | 10-12 || total
-------------------------+-------+-------+-------+-------++-------
Melee: Mace              |    92 |   113 |   342 |       ||   547
       Unarmed           |       |       |    12 |       ||    12
       Giant club        |       |       |    55 |       ||    55
       Giant spiked club |       |       |    26 |     5 ||    31
Invok: Berserk           |     2 |     3 |     9 |     1 ||    15
       Trog's Hand       |     1 |     1 |       |       ||     2
Evoke: Wand              |       |       |     2 |       ||     2
  Use: Potion            |     4 |       |     3 |       ||     7
       Scroll            |     3 |     2 |     3 |       ||     8
 Stab: Sleeping          |       |     1 |     6 |     1 ||     8
  Eat: Royal jelly       |     1 |       |     1 |       ||     2
       Chunk             |       |     4 |     9 |     1 ||    14
       Bread ration      |       |     1 |     2 |       ||     3
       Fruit             |       |       |     1 |     1 ||     2
Armor: Animal skin       |    28 |    39 |    67 |       ||   134
Dodge: Dodged            |    51 |   101 |   219 |     1 ||   372
